 Dungeon Crawl Stone Soup version 0.28-a0-1555-g9ae15a6949 (webtiles) character file.

Game seed: 4815469456196732600

3908 murtidash the Thaumaturge (level 10, 0/70 HPs)
             Began as a Djinni Ice Elementalist on Jan 18, 2022.
             Was a Follower of Makhleb.
             Slain by a gnoll sergeant (11 damage)
             ... on level 8 of the Dungeon.
             The game lasted 00:17:12 (10349 turns).

murtidash the Thaumaturge (DjIE)                   Turns: 10349, Time: 00:17:13

Health: 0/70       AC:  7    Str:  7    XL:     10   Next: 43%
Gold:   400        EV: 16    Int: 21    God:    Makhleb [*.....] SH:  0 Dex: 18

rFire   + . .      SeeInvis .   q - +7 mace of Zauwour {flame, *Noise rPois rC+ Dex+4}
rCold   + . .      Faith    .   (no shield)
rNeg    . . .      Spirit   .   a - +0 robe
rPois   ∞          Reflect  .   (no helmet)
rElec   .          Harm     .   x - +0 cloak
rCorr   .          Rampage  .   (no gloves)
Will    +....                   (boots unavailable)
Stlth   ++........              (no amulet)
HPRegen 0.21/turn               O - +4 ring of protection
MPRegen 0.00/turn               C - ring of ice

@: freezing walls, flying
A: sickness immunity, fire resistance 2, cold vulnerability 1, float, innate
caster, hp casting, extra vitality 1
a: Renounce Religion


You were on level 8 of the Dungeon.
You worshipped Makhleb.
Makhleb was aware of your devotion.
You visited 2 branches of the dungeon, and saw 9 of its levels.

You collected 400 gold pieces.


Innate Abilities, Weirdness & Mutations

You are immune to sickness and miasma.
You are immune to poison.
Your flesh is very heat resistant. (rF++)
You are vulnerable to cold. (rC-)
You float through the air rather than walking.
You learn spells naturally, not from books.
Your magical power is your life essence.
You have superior vitality. (+4 MHP)


   Skills:
 + Level 5.4 Fighting
 + Level 6.5 Dodging
 - Level 1.5 Stealth
 + Level 9.9 Spellcasting


You had 8 spell levels left.
You knew the following spells:

 Your Spells              Type           Power      Damage    Failure   Level
a - Freeze                Ice            100%       1d11      1%          1
b - Frozen Ramparts       Ice            100%       1d12      1%          3
c - Scorch                Fire           100%       2d10      1%          2
g - Gell's Gravitas       Tloc           51%        N/A       1%          3
h - Hailstorm             Conj/Ice       68%        3d14      1%          4
p - Pain                  Necr           100%       1d9       1%          1
s - Stone Arrow           Conj/Erth      100%       3d13      1%          3
A - Ozocubu's Armour      Ice            68%        N/A       1%          3
Your spell library was empty.

Inventory:

Hand Weapons
 q - the +7 mace of Zauwour (weapon) {flame, *Noise rPois rC+ Dex+4}
   (You took it off a goblin on level 3 of the Dungeon)

   It burns those it strikes, dealing additional fire damage.
   Dex:       It affects your dexterity (+4).
   rC:        It protects you from cold.
   rPois:     It protects you from poison.
   *Noise:    It may make noises in combat.
 A - the +6 whip of Fate {protect, rN+}
   (You found it on level 4 of the Dungeon)

   It grants its wielder temporary protection when it strikes (+7 to AC).
   rN:        It protects you from negative energy.
Armour
 a - a +0 robe (worn)
 x - a +0 cloak (worn)
   (You found it on level 4 of the Dungeon)
Magical Staves
 p - a staff of air {!a}
   (You found it on level 3 of the Dungeon)
Jewellery
 C - a ring of ice (right hand)
   (You found it on level 2 of the Dungeon)
 O - a +4 ring of protection (left hand)
   (You found it on level 1 of the Dungeon)
Wands
 d - a wand of charming (10)
   (You found it on level 5 of the Dungeon)
 f - a wand of paralysis (13)
   (You found it on level 6 of the Dungeon)
Scrolls
 b - a scroll of enchant armour {unknown}
 c - a scroll of vulnerability {unknown}
 g - a scroll of identify {@r1}
 l - 2 scrolls of enchant weapon {unknown}
 m - 2 scrolls of brand weapon {unknown}
 n - 4 scrolls of teleportation {@r4}
 u - a scroll of fear {unknown}
 y - a scroll of fog {unknown}
 B - 2 scrolls of blinking {unknown}
Potions
 e - a potion of lignification {unknown}
 h - a potion of cancellation {unknown}
 i - 2 potions of might
 j - a potion of mutation {unknown}
 k - a potion of haste {unknown}
 o - 8 potions of curing {@q1}
 r - a potion of brilliance {unknown}
 v - 2 potions of heal wounds {@q2}
 z - a potion of degeneration {unknown}

Dungeon Overview and Level Annotations

Branches:
Dungeon (8/15)             Temple (1/1) D:4
   Lair: D:8-11

Altars:
Ashenzari
Cheibriados
Dithmenos
Elyvilon
Fedhas
Gozag
Hepliaklqana
Kikubaaqudgha
Makhleb
Nemelex Xobeh
Okawaru
Qazlal
Ru
Sif Muna
Trog
Uskayaw
Vehumet
Wu Jian
Zin
The Shining One

.... .... ....##...# #....
.<..#.....##.#..
#..##........##.... ......##
##..#..........#..# ......#.
..............)..### ###.......
...............g...# .........
...............[.# ........
...............#@# #.......
........##...###.'...# #.......
.......#####.# ###...# ###<......
##.....##.##.# ########.........
###.#..#.....####....†.).........
# ####........##.....###.#).....[
# ####..........#### ###[##...>
#####..##.........## ###.###...
..##...#...........#####....###..


You could see a gnoll sergeant (combustible).


Message History

Confirm with . or Enter, or press ? or * to list all spells.
You can't see any susceptible monsters within range! (Use Z to cast anyway.)
Your frozen ramparts will break if you move.
Continue? [Y]es or [N]o only, please.
Your frozen ramparts will break if you move.
Continue? [Y]es or [N]o only, please.
Your frozen ramparts will break if you move.
Continue?
Okay, then.
A gnoll comes into view. It is wielding a +0 club.
Casting: Scorch (safe; 1% risk of failure)
Confirm with . or Enter, or press ? or * to list all spells.
Flames lash the gnoll.
You kill the gnoll!
Makhleb accepts your kill.
* * * LOW HITPOINT WARNING * * *
😨 HP[-1]
You take 1 damage, and now have 33/70 hp.
Casting: Scorch (safe; 1% risk of failure)
Confirm with . or Enter, or press ? or * to list all spells.
You can't see any susceptible monsters within range! (Use Z to cast anyway.)
The frozen ramparts melt away.
Casting: Scorch (safe; 1% risk of failure)
Confirm with . or Enter, or press ? or * to list all spells.
Flames lash the gnoll.
You kill the gnoll!
Makhleb accepts your kill.
You feel better.
* * * LOW HITPOINT WARNING * * *
😨 HP[-1]
You take 1 damage, and now have 32/70 hp.
A gnoll comes into view. It is wielding a +0 halberd. 😨 HP[+1]
Casting: Scorch (safe; 1% risk of failure)
Confirm with . or Enter, or press ? or * to list all spells.
You can't see any susceptible monsters within range! (Use Z to cast anyway.) 😨 HP[+1]
Casting: Scorch (safe; 1% risk of failure)
Confirm with . or Enter, or press ? or * to list all spells.
Flames lash the gnoll.
The gnoll's fire resistance burns away.
* * * LOW HITPOINT WARNING * * *
😨 HP[-2]
You take 2 damage, and now have 32/70 hp.
Casting: Scorch (safe; 1% risk of failure)
Confirm with . or Enter, or press ? or * to list all spells.
Flames lash the gnoll.
The gnoll is burned terribly!
You kill the gnoll!
Makhleb accepts your kill.
* * * LOW HITPOINT WARNING * * *
A gnoll sergeant comes into view. It is wielding a +0 trident. 😨 HP[-2]
You take 2 damage, and now have 30/70 hp.
A gnoll sergeant is nearby!
The gnoll sergeant shouts! 😨 HP[+1]
Casting: Scorch (safe; 1% risk of failure)
Confirm with . or Enter, or press ? or * to list all spells.
Casting: Frozen Ramparts (safe; 1% risk of failure)
Press: ? - help, Dir - look around, f - activate You feel a surge of power!
The walls around you are covered in ice.
* * * LOW HITPOINT WARNING * * *
😨 HP[-3]
You take 3 damage, and now have 28/70 hp.
Casting: Frozen Ramparts (safe; 1% risk of failure)
Confirm with . or Enter, or press ? or * to list all spells.
Flames lash the gnoll sergeant.
The gnoll sergeant's fire resistance burns away.
* * * LOW HITPOINT WARNING * * *
The gnoll sergeant misses you. 😨 HP[-2]
You take 2 damage, and now have 26/70 hp.
Casting: Scorch (safe; 1% risk of failure)
Confirm with . or Enter, or press ? or * to list all spells.
Flames lash the gnoll sergeant.
The gnoll sergeant is burned terribly!
* * * LOW HITPOINT WARNING * * *
The gnoll sergeant misses you. 😨 HP[-1]
You take 1 damage, and now have 25/70 hp.
Casting: Scorch (safe; 1% risk of failure)
Confirm with . or Enter, or press ? or * to list all spells.
Flames lash the gnoll sergeant but do no damage.
* * * LOW HITPOINT WARNING * * *
The gnoll sergeant hits you from afar with a +0 trident.
* * * LOW HITPOINT WARNING * * *
😨 HP[-5]
You take 5 damage, and now have 20/70 hp.
Casting: Scorch (safe; 1% risk of failure)
Confirm with . or Enter, or press ? or * to list all spells.
Flames lash the gnoll sergeant.
The gnoll sergeant is burned terribly!
* * * LOW HITPOINT WARNING * * *
The gnoll sergeant hits you from afar with a +0 trident.
* * * LOW HITPOINT WARNING * * *
😱 HP[-7]
You take 7 damage, and now have 13/70 hp.
Casting: Scorch (safe; 1% risk of failure)
Confirm with . or Enter, or press ? or * to list all spells.
Flames lash the gnoll sergeant.
The gnoll sergeant is burned terribly!
* * * LOW HITPOINT WARNING * * *
The gnoll sergeant hits you from afar with a +0 trident!
You die...

Skill      XL: |  1  2  3  4  5  6  7  8  9 10 |
---------------+-------------------------------+-----
Spellcasting   | 4 5 6 7 8 9 |  9.9
Fighting       | 4 5 |  5.4
Dodging        | 5 6 |  6.5
Stealth        | |  1.5

Action                   |  1- 3 |  4- 6 |  7- 9 | 10-12 || total
-------------------------+-------+-------+-------+-------++-------
Melee: Dagger            |     3 |     3 |       |       ||     6
       Mace              |       |     3 |       |     2 ||     5
       Punch             |       |       |       |     1 ||     1
 Cast: Freeze            |    57 |    71 |       |       ||   128
       Frozen Ramparts   |       |     3 |     6 |     6 ||    15
       Scorch            |       |     3 |   123 |    54 ||   180
       Ozocubu's Armour  |       |     1 |       |       ||     1
       Stone Arrow       |       |       |     7 |     6 ||    13
       Gell's Gravitas   |       |       |     1 |     2 ||     3
       Hailstorm         |       |       |     1 |       ||     1
  Use: Scroll            |       |       |     4 |     1 ||     5
 Stab: Sleeping          |     1 |       |       |       ||     1
Armor: Robe              |    16 |    22 |    13 |     1 ||    52
Dodge: Dodged            |    35 |    42 |    22 |    25 ||   124

Levels and vault maps discovered:
D:1:      dpeg_arrival_leaves_temple_mockup, layout_loops_ring,
          shapermc_ecumenical_altar_mp_urbaneastern, minmay_bisected
D:2:      layout_loops_ring, serial_bayou_pond_d
D:3:      layout_basic, mainiacjoe_overflow_surrounded_room,
          mainiacjoe_overflow_catwalk, nicolae_qazlal_eye_of_the_storm,
          mainiacjoe_overflow_divided_tiny, minmay_misc_feat_x,
          minmay_diced_spiral
D:4:      layout_cave_pools, minmay_temple_entry_large_hall, roderic_lattice_a
D:5:      layout_rooms, nicolae_ru_path_of_blood,
          grunt_temple_overflow_cloverleaf, grunt_decor_mini_mirrors
D:6:      layout_loops_ring, nemelex_diamond_rough_becter, uniq_sigmund,
          uniq_eustachio, uniq_menkaure, uniq_crazy_yiuf_cottage, uniq_grinder
D:7:      layout_gridville, grunt_decor_arrowhead
D:8:      layout_cave_pools, minmay_nine_imps
Temple:   compressed_dpeg_triangle_lava_temple

Notes
Turn   | Place    | Note
-------+----------+-------------------------------------------
     0 | D:1      | murtidash the Djinni Ice Elementalist began the quest for
                  | the Orb.
     0 | D:1      | Reached XP level 1. HP: 15/15 MP: 0/0
     0 | D:1      | magus.rc [v1.11.3]
   229 | D:1      | Reached XP level 2. HP: 20/21 MP: 0/0
   556 | D:1      | Reached XP level 3. HP: 14/25 MP: 0/0
   556 | D:1      | Learned a level 1 spell: Pain
   821 | D:1      | Reached skill level 4 in Spellcasting
  1099 | D:1      | Found a faded altar of an unknown god.
  1680 | D:2      | Reached XP level 4. HP: 28/31 MP: 0/0
  2617 | D:3      | Found a shadowy altar of Dithmenos.
  2624 | D:3      | Reached XP level 5. HP: 34/35 MP: 0/0
  2624 | D:3      | Learned a level 2 spell: Scorch
  2785 | D:3      | Found a glowing silver altar of Zin.
  2918 | D:3      | Identified the +7 mace of Zauwour {flame, *Noise rPois rC+
                  | Dex+4}
  3304 | D:3      | Found a snail-covered altar of Cheibriados.
  3304 | D:3      | Found an iron altar of Okawaru.
  3449 | D:3      | Found a stormy altar of Qazlal.
  3901 | D:4      | Found a staircase to the Ecumenical Temple.
  3910 | Temple   | Entered the Ecumenical Temple
  4383 | Temple   | Reached skill level 5 in Spellcasting
  4808 | D:4      | Reached XP level 6. HP: 37/40 MP: 0/0
  4861 | D:4      | Noticed an ogre
  4873 | D:4      | Killed an ogre
  4961 | D:4      | You are sucked into a shaft and drop 3 floors!
  5022 | D:6      | Reached skill level 6 in Spellcasting
  5107 | D:6      | Noticed Sigmund
  5111 | D:6      | Killed Sigmund
  5112 | D:6      | Reached XP level 7. HP: 30/45 MP: 0/0
  5112 | D:6      | Learned a level 3 spell: Gell's Gravitas
  5215 | D:6      | Noticed Menkaure
  5222 | D:6      | Killed Menkaure
  5233 | D:6      | Reached skill level 7 in Spellcasting
  5243 | D:6      | Reached XP level 8. HP: 8/50 MP: 0/0
  5544 | D:6      | Found a sparkling altar of Nemelex Xobeh.
  5790 | D:6      | Noticed Grinder
  5799 | D:6      | Paralysed by Grinder for 4 turns
  5808 | D:6      | Killed Grinder
  6041 | D:6      | Reached skill level 8 in Spellcasting
  6139 | D:5      | Entered Level 5 of the Dungeon
  6304 | D:4      | Identified the +6 whip of Fate {protect, rN+}
  6791 | D:4      | Reached XP level 9. HP: 46/55 MP: 0/0
  6791 | D:4      | Learned a level 3 spell: Stone Arrow
  7000 | D:5      | HP: 6/55 [gnoll shaman (6)]
  7319 | D:5      | Reached skill level 1 in Fighting
  7319 | D:5      | Reached skill level 9 in Spellcasting
  7323 | D:5      | Reached skill level 3 in Dodging
  7475 | D:5      | Reached skill level 2 in Fighting
  7648 | D:5      | Reached skill level 4 in Dodging
  7890 | D:5      | Found a burning altar of Makhleb.
  7894 | D:5      | Became a worshipper of Makhleb the Destroyer
  7919 | D:5      | Found an opulent altar of Gozag.
  7922 | D:5      | Found a white marble altar of Elyvilon.
  7925 | D:5      | Found a bloodstained altar of Trog.
  7973 | D:5      | Found a sacrificial altar of Ru.
  8108 | D:6      | HP: 11/59 [scorpion (6)]
  8109 | D:6      | Reached skill level 3 in Fighting
  8479 | D:6      | Noticed Eustachio
  8484 | D:6      | Killed Eustachio
  8585 | D:6      | Found a runed translucent door.
  8586 | D:6      | Noticed Crazy Yiuf
  8592 | D:6      | Killed Crazy Yiuf
  8922 | D:7      | Reached skill level 5 in Dodging
  9040 | D:7      | Reached skill level 4 in Fighting
  9203 | D:7      | Reached XP level 10. HP: 61/67 MP: 0/0
  9750 | D:7      | Reached * piety under Makhleb
 10049 | D:7      | Reached skill level 5 in Fighting
 10049 | D:7      | Reached skill level 6 in Dodging
 10348 | D:8      | HP: 13/70 [gnoll sergeant (5)]
 10349 | D:8      | Slain by a gnoll sergeant

Vanquished Creatures
  Grinder (D:6)
  Sigmund (D:6)
  Eustachio (D:6)
  3 yaks
  Menkaure (D:6)
  2 water moccasins
  2 necrophages
  3 black bears
  4 centaurs
  2 ogres
  A kobold brigand (D:8)
  A bullfrog (D:6)
  A gnoll sergeant (D:7)
  3 scorpions
  A water moccasin zombie (D:5)
  4 wights
  2 howler monkeys
  5 crimson imps (D:8)
  A bullfrog zombie (D:5)
  3 hounds
  Crazy Yiuf (D:6)
  3 orc priests (D:4)
  2 centaur skeletons
  A bullfrog skeleton (D:5)
  2 gnoll shamans
  2 orc wizards
  A killer bee zombie (D:6)
  22 gnolls
  7 adders
  2 shadow imps
  4 white imps (D:8)
  5 dart slugs
  19 orcs
  9 ball pythons
  9 endoplasms
  5 giant cockroaches
  7 goblins
  9 hobgoblins
  5 jackals
  3 quokkas
  5 bats
  3 frilled lizards
  15 kobolds
  A rat (D:3)
184 creatures vanquished.

Vanquished Creatures (others)
  A plant (D:2)
1 creature vanquished.

Grand Total: 185 creatures vanquished

Table legend:
 A = Non-vault XP
 B = Vault XP
 C = Vault XP percentage of total XP
 D = Non-vault monster count
 E = Vault monster count
 F = Vault count percentage of total count
                 A         B        C        D         E       F
            +---------+---------+-------+---------+---------+-------
      Total |    4393 |    1191 |  21.3 |     162 |      22 |  12.0
            +---------+---------+-------+---------+---------+-------
        D:1 |      55 |       7 |  11.3 |      28 |       4 |  12.5
        D:2 |      65 |       0 |   0.0 |      11 |       0 |   0.0
        D:3 |      50 |       6 |  10.7 |      15 |       4 |  21.1
        D:4 |     622 |       0 |   0.0 |      27 |       0 |   0.0
        D:5 |    1066 |       0 |   0.0 |      20 |       0 |   0.0
        D:6 |     930 |     884 |  48.7 |      31 |       5 |  13.9
        D:7 |     903 |       0 |   0.0 |      12 |       0 |   0.0
        D:8 |     677 |     294 |  30.3 |      13 |       9 |  40.9
     Temple |      25 |       0 |   0.0 |       5 |       0 |   0.0
            +---------+---------+-------+---------+---------+-------

Illustrated notes

Table legend:
 A = Kills in this place as a percentage of kills in entire the game.
 B = Kills by you in this place as a percentage of kills by you in the entire game.
 C = Kills by friends in this place as a percentage of kills by friends in the entire game.
 D = Other kills in this place as a percentage of other kills in the entire game.
 E = Experience gained in this place as a percentage of experience gained in the entire game.
 F = Experience gained in this place divided by the number of levels of this place that you have seen.
                   A       B       C       D       E      F
               +-------+-------+-------+-------+-------+----------------------
         Total | 100.0 | 100.0 |   N/A |   N/A | 100.0 | 620.4
       Dungeon |  97.3 |  97.3 |   N/A |   N/A |  99.6 | 694.9
        Temple |   2.7 |   2.7 |   N/A |   N/A |   0.4 |  25.0
               +-------+-------+-------+-------+-------+----------------------

Table legend: (Time is in decaauts)
 A = Elapsed time spent in this place.
 B = Non-inter-level travel time spent in this place.
 C = Inter-level travel time spent in this place.
 D = Time resting spent in this place.
 E = Time spent auto-exploring this place.
 F = Levels seen in this place.
 G = Mean time per level.
                   A        B        C        D        E       F      G
               +--------+--------+--------+--------+--------+-----+--------+
         Total |  10356 |  10047 |    309 |    253 |   8691 |   9 | 1150.7 |
       Dungeon |   9702 |   9410 |    292 |    131 |   8235 |   8 | 1212.8 |
        Temple |    654 |    637 |     17 |    122 |    456 |   1 |  654.0 |
               +--------+--------+--------+--------+--------+-----+--------+

Top non-repeatable levels by time:
     D:6: 1987 daAuts
     D:1: 1636 daAuts
     D:4: 1437 daAuts
     D:3: 1294 daAuts
     D:7: 1130 daAuts
     D:5: 951 daAuts
     D:2: 925 daAuts
  Temple: 654 daAuts
     D:8: 339 daAuts
